 Dungeon Crawl Stone Soup version 0.30-a0-469-g84de5afbc5 (webtiles) character file.

Game seed: 4366420091243616623

362314 stormannn the Sorcerer (level 21, -5/104 HPs)
             Began as a Deep Elf Conjurer on May 5, 2022.
             Was the Champion of Vehumet.
             Slain by a frost giant
             ... wielding a +0 battleaxe of freezing
              (15 damage)
             ... on level 1 of the Depths on Dec 19, 2022.
             The game lasted 08:47:03 (45236 turns).

stormannn the Sorcerer (Deep Elf Conjurer)         Turns: 45236, Time: 08:47:05

Health: -5/104     AC: 17    Str:  4    XL:     21   Next: 51%
Magic:  22/51      EV: 25    Int: 40    God:    Vehumet [******]
Gold:   1403       SH:  0    Dex: 22    Spells: 3/68 levels left

rFire   + + .      SeeInvis +    c - +1 executioner's axe "Reyw" {venom, rPois rF+ rC+ rN+}
rCold   + . .      Faith    .    (shield currently unavailable)
rNeg    + + .      Spirit   .    T - +1 troll leather armour of Tenacity {Will++ Regen+ Stlth+}
rPois   +          Reflect  .    I - +0 mask of the Dragon {Will+ Slay+3 SInv}
rElec   .          Harm     .    t - +5 cloak of the Sailor {Dex+3 Stlth+}
rCorr   .          Rampage  .    O - +2 pair of gloves {Stlth+}
Will    +++++                    N - +2 pair of boots {Fly}
Stlth   +++++.....               o - amulet "Xopeibb" {RegenMP Regen+}
HPRegen 1.97/turn                M - ring of protection from fire
MPRegen 0.72/turn                Y - ring "Toemeper" {rN+ Int+5 Dex+6 Slay+3}

@: flying
A: mutation resistance 1
}: 2/15 runes: decaying, serpentine
a: Renounce Religion


You were on level 1 of the Depths.
You worshipped Vehumet.
Vehumet was exalted by your worship.
You visited 8 branches of the dungeon, and saw 36 of its levels.

You collected 4363 gold pieces.
You spent 2960 gold pieces at shops.

Inventory:

Hand Weapons
 c - the +1 executioner's axe "Reyw" (weapon) {venom, rPois rF+ rC+ rN+}
   (You acquired it on level 3 of the Snake Pit)

   It poisons the flesh of those it strikes.
   rF:        It protects you from fire.
   rC:        It protects you from cold.
   rPois:     It protects you from poison.
   rN:        It protects you from negative energy.
 D - the +5 long sword "Urghador" {freeze, +Blink Will+}
   (You found it on level 3 of the Swamp)

   It freezes those it strikes, dealing additional cold damage.
   It can also slow down cold-blooded creatures.
   +Blink:    It lets you blink.
   Will:      It increases your willpower.
Missiles
 u - 43 poisoned darts (quivered)
Armour
 t - the +5 cloak of the Sailor (worn) {Dex+3 Stlth+}
   (You bought it in a shop on level 2 of the Orcish Mines)

   Dex:       It affects your dexterity (+3).
   Stlth:     It makes you more stealthy.
 I - the +0 mask of the Dragon (worn) {Will+ Slay+3 SInv}
   (You found it on level 10 of the Dungeon)

   Slay:      It affects your accuracy & damage with ranged weapons and melee
   (+3).
   SInv:      It lets you see invisible.
   Will:      It increases your willpower.
 N - a +2 pair of boots of flying (worn)
 O - a +2 pair of gloves of stealth (worn)
 T - the +1 troll leather armour of Tenacity (worn) {Will++ Regen+ Stlth+}
   (You took it off a deep elf zephyrmancer on level 3 of the Elven Halls)

   Regen:     It increases your rate of health regeneration.
   Will:      It greatly increases your willpower.
   Stlth:     It makes you more stealthy.
Magical Staves
 L - a staff of fire
 W - a staff of conjuration
Jewellery
 o - the amulet "Xopeibb" (around neck) {RegenMP Regen+}
   (You took it off a deep elf demonologist on level 3 of the Elven Halls)

   [amulet of magic regeneration]

   It increases your rate of magic regeneration.
   Regen:     It increases your rate of health regeneration.
 H - a ring of protection from cold
 M - a ring of protection from fire (left hand)
 Y - the ring "Toemeper" (right hand) {rN+ Int+5 Dex+6 Slay+3}
   (You bought it in a shop on level 4 of the Snake Pit)

   [ring of dexterity]

   Int:       It affects your intelligence (+5).
   Dex:       It affects your dexterity (+6).
   Slay:      It affects your accuracy & damage with ranged weapons and melee
   (+3).
   rN:        It protects you from negative energy.
Wands
 h - a wand of flame (88)
 y - a wand of polymorph (19)
 A - a wand of acid (10)
 F - a wand of digging (11)
 G - a wand of charming (40)
 Q - a wand of iceblast (22)
Scrolls
 a - 7 scrolls of magic mapping
 j - 3 scrolls of enchant weapon
 l - 2 scrolls of silence
 m - 2 scrolls of enchant armour
 n - a scroll of brand weapon
 r - 2 scrolls of blinking
 s - a scroll of fog
 v - 16 scrolls of teleportation
 x - 2 scrolls of amnesia
 z - 6 scrolls of poison
 K - 7 scrolls of immolation
 R - 5 scrolls of fear
 U - 4 scrolls of vulnerability
 V - 2 scrolls of butterflies
 X - 2 scrolls of noise
Potions
 b - 5 potions of magic
 d - 10 potions of lignification
 f - 10 potions of brilliance
 g - 11 potions of curing
 i - 2 potions of berserk rage
 k - 6 potions of attraction
 p - 4 potions of might
 q - 3 potions of cancellation
 B - 4 potions of ambrosia
 C - 3 potions of resistance
 E - 3 potions of haste
 P - 2 potions of invisibility
 S - 3 potions of heal wounds


   Skills:
 - Level 2.3 Fighting
 + Level 19.3 Dodging
 - Level 2.4 Stealth
 - Level 24.0 Spellcasting
 * Level 16.1 Conjurations
 - Level 3.0 Hexes
 - Level 6.0 Translocations
 - Level 5.1 Transmutations
 * Level 19.4 Fire Magic
 - Level 14.9 Air Magic
 - Level 13.0 Poison Magic


You had 3 spell levels left.
You knew the following spells:

 Your Spells              Type           Power      Damage    Failure   Level
a - Magic Dart            Conj           100%       1d8       0%          1
b - Orb of Destruction    Conj           54%        9d14      1%          7
c - Poisonous Vapours     Pois/Air       100%       N/A       0%          2
d - Iskenderun's Battles  Conj           100%       2d15      1%          5
e - Iskenderun's Mystic   Conj/Tloc      94%        2d18      1%          4
f - Slow                  Hex            100%       N/A       1%          1
g - Fireball              Conj/Fire      56%        3d22      0%          5
h - Sublimation of Blood  Necr           48%        N/A       1%          2
i - Stone Arrow           Conj/Erth      100%       3d13      1%          3
j - Alistair's Intoxicat  Tmut/Pois      58%        N/A       1%          5
k - Ignite Poison         Fire/Tmut/Pois 99%        N/A       0%          3
l - Olgreb's Toxic Radia  Pois           100%       N/A       1%          4
m - Freezing Cloud        Conj/Ice/Air   46%        6-21      1%          5
n - Lightning Bolt        Conj/Air       53%        1d75      1%          5
o - Arcjolt               Conj/Air       53%        1d63      1%          5
p - Ignition              Fire           58%        3d16      1%          8

Your spell library contained the following spells:

 Spells                   Type           Power      Damage    Failure   Level
 Shock                    Conj/Air       100%       1d9       0%          1
 Momentum Strike          Conj/Tloc      100%       3d10      0%          2
 Scorch                   Fire           100%       2d10      0%          2
 Searing Ray              Conj           100%       2d8       0%          2
 Static Discharge         Conj/Air       100%       2-7/arc   0%          2
 Inner Flame              Hex/Fire       95%        N/A       0%          3
 Kindle Blastsparks       Fire/Tloc/Air  100%       2d18      0%          3
 Mephitic Cloud           Conj/Pois/Air  100%       N/A       0%          3
 Swiftness                Air            100%       N/A       0%          3
 Apportation              Tloc           100%       N/A       1%          1
 Freeze                   Ice            100%       1d10      1%          1
 Sandblast                Erth           96%        2d20      1%          1
 Sting                    Tmut/Pois      100%       1d8       1%          1
 Summon Small Mammal      Summ           100%       N/A       1%          1
 Blink                    Tloc           100%       N/A       1%          2
 Call Imp                 Summ           48%        N/A       1%          2
 Passwall                 Tmut/Erth      51%        N/A       1%          2
 Confusing Touch          Hex            64%        N/A       1%          3
 Dazzling Flash           Conj/Hex       100%       N/A       1%          3
 Frozen Ramparts          Ice            96%        1d15      1%          3
 Hailstorm                Conj/Ice       85%        3d17      1%          3
 Lesser Beckoning         Tloc           100%       N/A       1%          3
 Portal Projectile        Hex/Tloc       100%       N/A       1%          3
 Summon Guardian Golem    Hex/Summ       56%        N/A       1%          3
 Tukima's Dance           Hex            64%        N/A       1%          3
 Vhi's Electric Charge    Tloc/Air       100%       N/A       1%          3
 Call Canine Familiar     Summ           48%        N/A       2%          3
 Vampiric Draining        Necr           48%        2d9       2%          3
 Airstrike                Air            52%        2d(8-24)  0%          4
 Flame Wave               Conj/Fire      100%       2d21      0%          4
 Fulminant Prism          Conj/Hex       45%        3d21      1%          4
 Manifold Assault         Tloc           77%        N/A       1%          4
 Passage of Golubria      Tloc           77%        N/A       1%          4
 Irradiate                Conj/Tmut      46%        3d27      1%          5
 Yara's Violent Unravell  Hex/Tmut       34%        3d14      1%          5
 Conjure Ball Lightning   Conj/Air       53%        3x3d19    1%          6
 Iron Shot                Conj/Erth      42%        9d8       1%          6
 Cause Fear               Hex            32%        N/A       2%          4
 Ice Form                 Ice/Tmut       62%        N/A       2%          4
 Petrify                  Tmut/Erth      62%        N/A       2%          4
 Blade Hands              Tmut           36%        N/A       2%          5
 Anguish                  Hex/Necr       28%        N/A       4%          4
 Lee's Rapid Deconstruct  Erth           24%        3d13*     5%          5
 Spellforged Servitor     Conj/Summ      42%        N/A       7%          7
 Animate Armour           Summ/Erth      96%        N/A       8%          4
 Animate Dead             Necr           48%        N/A       8%          4
 Summon Ice Beast         Ice/Summ       48%        N/A       8%          4
 Summon Mana Viper        Hex/Summ       56%        N/A       11%         5
 Storm Form               Tmut/Air       45%        N/A       11%         7
 Fire Storm               Conj/Fire      56%        8d14      13%         9
 Borgnjor's Vile Clutch   Necr/Erth      24%        N/A       21%         5
 Chain Lightning          Conj/Air       53%        3d71      32%         9
 Lehudib's Crystal Spear  Conj/Erth      42%        10d10     41%         8
 Death Channel            Necr           24%        N/A       75%         6
 Simulacrum               Ice/Necr       24%        N/A       75%         6
 Summon Cactus Giant      Summ           24%        N/A       75%         6
 Enfeeble                 Hex            32%        N/A       88%         7
 Haunt                    Necr/Summ      24%        N/A       99%         7
 Monstrous Menagerie      Summ           24%        N/A       99%         7
 Discord                  Hex            32%        N/A       100%        8
 Infestation              Necr           24%        N/A       100%        8
 Shatter                  Erth           24%        3d21*     100%        9


Dungeon Overview and Level Annotations

Branches:
Dungeon (15/15)            Temple (1/1) D:4            Lair (6/6) D:10
  Swamp (4/4) Lair:4        Snake (4/4) Lair:4        Slime (0/5) Lair:6
    Orc (2/2) D:11            Elf (3/3) Orc:2        Vaults (0/5) D:13
 Depths (1/4) D:15

Altars:
Ashenzari
Cheibriados
Dithmenos
Elyvilon
Fedhas
Gozag
Hepliaklqana
Kikubaaqudgha
Makhleb
Nemelex Xobeh
Okawaru
Qazlal
Ru
Sif Muna
Trog
Uskayaw
Vehumet
Wu Jian
Xom
Yredelemnul
Zin
The Shining One
Jiyva

Shops:
D:2 ?   Orc:1 [![?   Orc:2 ([[*   Elf:1 (   Snake:2 [[   Snake:4 (*(!*

Annotations:
D:9 1 runed translucent door, Dordric's ghost, novice HOFi
D:15 3 runed translucent doors, Ganul's ghost, journeyman DsGl
Lair:6 exclusion: obsidian statue


Innate Abilities, Weirdness & Mutations

You are somewhat resistant to further mutation.


Message History

Vehumet accepts your kill.
You feel your power returning.
The mystic blast hits the lich!
The lich is severely damaged.
The lich is knocked back by the mystic blast.
The lich slams into the rock wall!
The mystic blast hits the juggernaut!!
The juggernaut is lightly wounded.
The juggernaut is knocked back by the mystic blast.
The stone giant is engulfed in freezing vapours.
Unknown command.
The lich points at you and mumbles some strange words.
The bolt of cold hits you!! You resist.
* * * LOW HITPOINT WARNING * * *
The frost giant is engulfed in freezing vapours.
You feel much better.
A lich comes into view.
The frost giant attacks as you move away!
The frost giant hits you with a +0 battleaxe of freezing!!
* * * LOW HITPOINT WARNING * * *
The frost giant freezes you!
* * * LOW HITPOINT WARNING * * *
The world stops spinning.
You hear a loud rustle.
You hear a grinding noise.
You hear a horrible gurgling sound!
There is an open door here.
Unknown command.
Unknown command.
Casting: Iskenderun's Mystic Blast (safe; 1% risk of failure)
Confirm with . or Enter, or press ? or * to list all spells.
You erupt in a blast of force!
The mystic blast hits the lich!!
The lich is almost destroyed.
The lich is knocked back by the mystic blast.
The lich slams into the rock wall!
The mystic blast hits the stone giant!
The stone giant is heavily wounded.
The stone giant is knocked back by the mystic blast.
The stone giant slams into the rock wall!
The stone giant is heavily wounded.
The mystic blast hits the frost giant but does no damage.
The frost giant is heavily wounded.
The frost giant hits you with a +0 battleaxe of freezing!
You die...

...#...##..######....#..#..##
...##+##.......'.....#..###.#
##....#>.....[.###'###.## ###
.######.........#....###
.....#.........###....#
.....#...##'####.#######
##### .....#..
#.....#..#....####...#
.....#.
##'#'##.##..[...'...## ....##
#.#..#@#...L...#..## ....#
+.#.##C#....[.##### ...##
#.'.'L.C.....)# ...+
###L#######.#).# ...# #...
###C#[.# +#.# #..... #†##.#
#+# #+##### #.C##.# ###)()###
##...'W.#


You could see a frost giant, a stone giant and a lich.

Vanquished Creatures
  Mara (Swamp:4)
  3 juggernauts (Depths:1)
  Bai Suzhen (Snake:3)
  Nikola (Snake:1)
  A tentacled monstrosity (Swamp:1)
  A lich (Depths:1)
  Mlioglotl (Snake:3)
  3 deep elf blademasters
  A titan (Depths:1)
  2 sphinxes (Depths:1)
  2 deep elf master archers (Elf:3)
  A tengu reaver (Depths:1)
  Frances (D:12)
  Agnes (Snake:3)
  A storm dragon (Elf:1)
  2 thorn hunters (Swamp:4)
  3 nagarajas
  Kirke (D:12)
  A fenstrider witch (Swamp:2)
  3 fire giants (Depths:1)
  5 deep elf sorcerers
  2 frost giants (Depths:1)
  Aizul (Swamp:1)
  An iron dragon (Depths:1)
  5 deep elf elementalists (Elf:3)
  3 very ugly things
  An orc warlord (Orc:2)
  A spriggan defender (Depths:1)
  3 stone giants (Depths:1)
  3 eleionomae
  10 deep elf demonologists (Elf:3)
  2 vampire knights (Depths:1)
  2 bunyips (Swamp:4)
  4 dire elephants (Lair:6)
  9 deep elf annihilators
  A spark wasp (Depths:1)
  3 fire dragons (Depths:1)
  Snorg (Lair:4)
  An ettin (Depths:1)
  2 deep elf death magi
  Josephine (Snake:1)
  2 jiangshi (Depths:1)
  2 shambling mangroves (Swamp:4)
  3 deep elf high priests (Elf:3)
  2 ogre magi (D:15)
  2 rakshasas (Depths:1)
  3 salamander tyrants (Snake:4)
  A spriggan air mage (Depths:1)
  An ice dragon (Depths:1)
  3 vault guards (D:13)
  A ghost crab (Swamp:3)
  A catoblepas (Lair:6)
  4 centaur warriors (D:13)
  4 death knights (D:13)
  26 hydras
  15 anacondas
  38 dancing weapons
  16 two-headed ogres
  3 boulder beetles
  11 death yaks
  A tengu warrior (Depths:1)
  14 naga warriors
  4 orc high priests (Orc:2)
  A vampire mage (Depths:1)
  11 alligators
  2 deep troll earth magi (Depths:1)
  3 spriggan berserkers (Depths:1)
  24 deep elf knights
  4 shock serpents
  A sun demon (D:11)
  9 naga sharpshooters
  A spectral death yak (Lair:6)
  6 goliath frogs
  Amaemon (D:8)
  A sixfirhy (D:11)
  7 salamander mystics
  A spectral anaconda (Lair:6)
  12 deep elf archers
  6 skeletal warriors
  6 spriggan druids
  10 bog bodies
  2 wizards (D:15)
  8 naga ritualists
  5 lindwurms
  5 orc knights
  24 deep elf zephyrmancers
  11 swamp dragons
  8 necromancers
  3 will-o-the-wisps
  19 ugly things
  40 deep elf pyromancers
  4 orc sorcerers (Orc:2)
  An oklob plant (Lair:4)
  15 mana vipers
  2 manticores
  4 cyclopes
  20 salamanders
  A dire elephant zombie (Lair:6)
  10 naga magi
  19 elephants
  2 rust devils (D:11)
  39 black mambas
  4 guardian serpents (Snake:4)
  Maurice (D:13)
  A centaur zombie (D:15)
  An orange demon (D:8)
  2 gargoyles
  2 kobold demonologists (D:11)
  12 cane toads
  A centaur skeleton (D:15)
  3 rime drakes
  8 komodo dragons
  A freezing wraith (D:13)
  2 tengu conjurers (D:14)
  13 tyrant leeches
  6 trolls
  13 hornets
  A red devil (D:11)
  A bloated husk (Swamp:1)
  A wolf spider simulacrum (D:15)
  21 slime creatures
  A wind drake (shapeshifter) (D:14)
  12 blink frogs (Lair:6)
  19 dream sheep
  A centaur simulacrum (D:15)
  14 spriggans
  A shadow (D:9)
  3 vampires
  35 yaks
  3 air elementals
  8 wyverns
  A ynoxinul (D:11)
  A basilisk (shapeshifter) (D:13)
  6 wraiths
  2 fire elementals
  4 water elementals
  A yak (shapeshifter) (D:14)
  3 steam dragons
  4 basilisks
  10 vampire mosquitoes
  A death yak simulacrum (Lair:6)
  20 humans (D:13)
  A chaos spawn (D:11)
  36 nagas
  A spectral cane toad (Lair:6)
  4 wargs
  15 water moccasins
  2 acid dragons
  15 swamp worms
  12 swamp drakes
  A black bear (shapeshifter) (D:13)
  34 orc warriors
  4 elephant zombies
  A sky beast (D:8)
  A black bear (D:5)
  12 ogres
  8 centaurs
  2 elephant skeletons (Lair:6)
  A kobold brigand (D:11)
  2 komodo dragon zombies (Lair:5)
  Blork the orc (D:5)
  10 bullfrogs
  3 scorpions
  7 earth elementals
  A necrophage (D:6)
  2 gnoll sergeants
  13 wights
  7 killer bees (D:9)
  2 elephant simulacra (Lair:6)
  3 electric eels (Lair:5)
  7 howler monkeys
  A crimson imp (D:10)
  A basilisk zombie (Lair:5)
  13 jellies
  Crazy Yiuf (D:3)
  A quasit (D:11)
  2 hounds
  23 orc priests
  A gnoll bouda (D:9)
  An iron imp (D:10)
  23 orc wizards
  5 iguanas
  8 hell rats
  A boggart skeleton (D:15)
  5 gnolls (D:7)
  A gnoll (shapeshifter) (Depths:1)
  5 river rats (Lair:3)
  4 adders
  2 shadow imps
  3 white imps
  2 ufetubi (D:5)
  2 worms (D:2)
  4 dart slugs
  99 orcs
  4 ball pythons
  11 endoplasms
  2 giant cockroaches (D:2)
  3 goblins
  11 hobgoblins
  6 jackals (D:1)
  8 kobolds
  4 quokkas
  4 bats
  6 frilled lizards
  9 rats
  3 briar patches (Swamp:4)
  A bush (Lair:6)
1329 creatures vanquished.

Vanquished Creatures (others)
  An orc (D:10)
  3 ball lightnings (Snake:4)
  3 demonic plants (D:11)
  4 foxfires
  30 fungi
  57 plants
  31 withered plants (Lair:6)
129 creatures vanquished.

Grand Total: 1458 creatures vanquished

Notes
Turn   | Place    | Note
-------+----------+-------------------------------------------
     0 | D:1      | stormannn the Deep Elf Conjurer began the quest for the
                  | Orb.
     0 | D:1      | Reached XP level 1. HP: 10/10 MP: 6/6
   472 | D:1      | Reached XP level 2. HP: 16/16 MP: 6/8
   593 | D:1      | Reached skill level 1 in Fighting
  1055 | D:1      | Reached XP level 3. HP: 20/20 MP: 6/9
  1338 | D:1      | Learned a level 2 spell: Searing Ray
  1469 | D:2      | Gained mutation: Your muscles are strong. (Str +4, Int/Dex
                  | -1) [potion of mutation]
  1469 | D:2      | Lost mutation: Your muscles are strong. (Str +4, Int/Dex
                  | -1) [potion of mutation]
  2068 | D:2      | Noticed an ogre
  2085 | D:2      | Killed an ogre
  2086 | D:2      | Reached skill level 4 in Spellcasting
  2086 | D:2      | Reached skill level 5 in Conjurations
  2086 | D:2      | Reached XP level 4. HP: 22/26 MP: 4/12
  2165 | D:2      | Learned a level 2 spell: Poisonous Vapours
  2274 | D:2      | Reached XP level 5. HP: 30/30 MP: 11/13
  2324 | D:2      | Found Deasenakk's Magic Scroll Shop.
  3199 | D:3      | Found a bloodstained altar of Trog.
  3213 | D:3      | Found a glowing golden altar of the Shining One.
  3415 | D:3      | Found a runed translucent door.
  3423 | D:3      | Noticed Crazy Yiuf
  3873 | D:3      | Killed Crazy Yiuf
  3979 | D:4      | Reached skill level 1 in Hexes
  3979 | D:4      | Reached skill level 1 in Translocations
  3979 | D:4      | Reached skill level 1 in Poison Magic
  4068 | D:4      | Found a staircase to the Ecumenical Temple.
  4081 | Temple   | Entered the Ecumenical Temple
  4291 | Temple   | Became a worshipper of Vehumet
  4507 | D:4      | Reached XP level 6. HP: 36/36 MP: 8/14
  4571 | D:4      | Learned a level 5 spell: Iskenderun's Battlesphere
  4845 | D:4      | Identified the +4 ring mail of Raaveg {rF+ Str+2}
  5154 | D:5      | Entered Level 5 of the Dungeon
  5420 | D:5      | Reached skill level 5 in Spellcasting
  5420 | D:5      | Reached XP level 7. HP: 40/40 MP: 9/16
  5502 | D:5      | Noticed Blork the orc
  5510 | D:5      | Killed Blork the orc
  6483 | D:6      | Noticed a boulder beetle
  6496 | D:5      | Upgraded the game from 0.29-a0-378-gc08b2e8bf8 to
                  | 0.30-a0-23-ge60ba3568b
  6501 | D:5      | Learned a level 4 spell: Iskenderun's Mystic Blast
  6736 | D:6      | Reached skill level 5 in Dodging
  6736 | D:6      | Upgraded the game from 0.30-a0-23-ge60ba3568b to
                  | 0.30-a0-335-ge5acde7520
  6747 | D:6      | Reached * piety under Vehumet
  6747 | D:6      | Offered knowledge of Kiss of Death by Vehumet.
  6750 | D:6      | Learned a level 1 spell: Slow
  6977 | D:6      | Reached XP level 8. HP: 45/45 MP: 15/18
  6999 | D:6      | Reached skill level 6 in Spellcasting
  7542 | D:7      | Upgraded the game from 0.30-a0-335-ge5acde7520 to
                  | 0.30-a0-459-g9104f0fc43
  7648 | D:7      | Reached skill level 7 in Spellcasting
  7680 | D:7      | Reached skill level 5 in Translocations
  7854 | D:7      | Reached ** piety under Vehumet
  7854 | D:7      | Offered knowledge of Sandblast by Vehumet.
  8244 | D:8      | Reached XP level 9. HP: 49/49 MP: 16/22
  8376 | D:8      | Noticed Amaemon
  8376 | D:8      | Noticed an orange demon
  8424 | D:8      | Killed an orange demon
  8470 | D:8      | Killed Amaemon
  8471 | D:8      | Reached skill level 8 in Spellcasting
  8488 | D:8      | Identified the +5 short sword of the Loving Gods {elec,
                  | Will+}
  8822 | D:8      | Reached skill level 9 in Spellcasting
  9164 | D:8      | Learned a level 5 spell: Fireball
  9193 | D:9      | Reached skill level 1 in Fire Magic
  9439 | D:9      | Offered knowledge of Kindle Blastsparks by Vehumet.
  9440 | D:9      | Reached XP level 10. HP: 54/54 MP: 18/25
  9444 | D:9      | Learned a level 3 spell: Kindle Blastsparks
  9487 | D:9      | Noticed a skeletal warrior
  9500 | D:9      | HP: 1/54 [centaur/arrow (15)]
  9646 | D:9      | Found a shimmering altar of Xom.
  9917 | D:9      | Reached skill level 10 in Spellcasting
 10117 | D:9      | Found a runed translucent door.
 10120 | D:9      | Noticed Dordric's ghost (novice HOFi)
 10122 | D:9      | Identified the +10 spear "Earthworm" {vorpal, Will++ MP-9
                  | Str+6}
 10395 | D:9      | Noticed a deep elf pyromancer
 10423 | D:9      | Noticed a two-headed ogre
 10441 | D:9      | Killed a two-headed ogre
 10442 | D:9      | Reached skill level 5 in Fire Magic
 10450 | D:9      | Killed a skeletal warrior
 10636 | D:9      | Noticed an orc knight
 10664 | D:9      | Reached *** piety under Vehumet
 10845 | D:9      | Killed an orc knight
 10917 | D:9      | Learned a level 3 spell: Stone Arrow
 11141 | D:10     | Entered Level 10 of the Dungeon
 11318 | D:10     | Noticed a two-headed ogre
 11319 | D:10     | Reached XP level 11. HP: 58/58 MP: 23/27
 11327 | D:10     | Killed a two-headed ogre
 11328 | D:10     | Reached skill level 11 in Spellcasting
 11454 | D:10     | Offered knowledge of Flame Wave by Vehumet.
 11461 | D:10     | Learned a level 4 spell: Flame Wave
 11490 | D:10     | Reached skill level 10 in Conjurations
 11527 | D:10     | Found the +0 mask of the Dragon {Will+ Slay+3 SInv}
 11527 | D:10     | Noticed a deep elf pyromancer
 11531 | D:10     | Killed a deep elf pyromancer
 11532 | D:10     | Reached skill level 10 in Dodging
 11537 | D:10     | Identified the +1 hat of Yrotujuda {rElec rPois}
 11672 | D:10     | Noticed a deep elf pyromancer
 11678 | D:10     | Killed a deep elf pyromancer
 11966 | D:10     | Noticed a two-headed ogre
 11970 | D:10     | Killed a two-headed ogre
 12013 | D:10     | Found a staircase to the Lair.
 12332 | D:11     | Found a staircase to the Orcish Mines.
 12334 | D:11     | Noticed a sun demon
 12357 | D:11     | Reached skill level 1 in Air Magic
 12357 | D:11     | Killed a sun demon
 12757 | D:11     | Noticed a sixfirhy
 12764 | D:11     | Killed a sixfirhy
 12765 | D:11     | Reached skill level 12 in Spellcasting
 13000 | D:11     | Reached **** piety under Vehumet
 13149 | D:11     | Found a glowing silver altar of Zin.
 13253 | D:12     | Upgraded the game from 0.30-a0-459-g9104f0fc43 to
                  | 0.30-a0-462-gd5975efbca
 13256 | D:12     | Reached XP level 12. HP: 63/63 MP: 26/30
 13664 | D:12     | Offered knowledge of Ignite Poison by Vehumet.
 13665 | D:12     | Reached skill level 5 in Air Magic
 13669 | D:12     | Learned a level 3 spell: Ignite Poison
 13746 | D:12     | Noticed Kirke
 13758 | D:12     | Killed Kirke
 13800 | D:12     | Noticed Frances
 13806 | D:12     | Killed Frances
 14210 | D:13     | Noticed a centaur warrior
 14212 | D:13     | Killed a centaur warrior
 14223 | D:13     | Noticed a centaur warrior
 14225 | D:13     | Killed a centaur warrior
 14226 | D:13     | Reached skill level 13 in Spellcasting
 14261 | D:13     | Noticed a centaur warrior
 14263 | D:13     | Killed a centaur warrior
 14340 | D:12     | Learned a level 4 spell: Olgreb's Toxic Radiance
 14371 | Orc:1    | Entered Level 1 of the Orcish Mines
 14381 | Orc:1    | Found Wotryk Byke's Armour Emporium.
 14562 | Orc:2    | Entered Level 2 of the Orcish Mines
 14563 | Orc:2    | Noticed a two-headed ogre
 14566 | Orc:2    | Killed a two-headed ogre
 14569 | Orc:2    | Noticed a two-headed ogre
 14573 | Orc:2    | Killed a two-headed ogre
 14590 | Orc:2    | Noticed a two-headed ogre
 14597 | Orc:2    | Killed a two-headed ogre
 14671 | Orc:2    | Noticed a two-headed ogre
 14673 | Orc:2    | Killed a two-headed ogre
 14779 | Orc:2    | Reached ***** piety under Vehumet
 14799 | Orc:2    | Offered knowledge of Sticky Flame by Vehumet.
 14826 | Orc:1    | Found Gothow's Magic Scroll Boutique.
 14838 | Orc:1    | Found Naom's Antique Armour Emporium.
 14956 | Orc:1    | Found Senuem's Distillery.
 15509 | Orc:2    | Reached skill level 5 in Poison Magic
 15616 | Orc:2    | Reached XP level 13. HP: 68/68 MP: 23/32
 15800 | Orc:2    | Found Pefut's Antique Weapon Emporium.
 15816 | Orc:2    | Found Tapim's Armour Shoppe.
 15825 | Orc:2    | Bought a +1 robe of the Archmagi for 425 gold pieces
 16140 | Orc:2    | Noticed an orc warlord
 16146 | Orc:2    | Killed an orc warlord
 16147 | Orc:2    | Reached skill level 14 in Spellcasting
 16212 | Orc:2    | Offered knowledge of Iron Shot by Vehumet.
 16252 | Orc:2    | Found Diavvoeq's Armour Shop.
 16475 | Orc:2    | Found Uchojaob's General Store.
 16635 | Orc:2    | Found a staircase to the Elven Halls.
 16760 | Orc:2    | Upgraded the game from 0.30-a0-462-gd5975efbca to
                  | 0.30-a0-465-g8901f6c8b5
 16825 | Orc:2    | Bought a +2 pair of boots of flying for 279 gold pieces
 16825 | Orc:2    | Bought a +0 pair of gloves of stealth for 149 gold pieces
 16900 | Orc:2    | Bought the +5 cloak of the Sailor {Dex+3 Stlth+} for 592
                  | gold pieces
 16938 | Orc:1    | Bought a scroll of enchant armour for 105 gold pieces
 17121 | Lair:1   | Entered Level 1 of the Lair of Beasts
 18195 | Lair:2   | Offered knowledge of Freezing Cloud by Vehumet.
 18301 | Lair:2   | Reached skill level 15 in Spellcasting
 18307 | Lair:2   | Learned a level 5 spell: Freezing Cloud
 18947 | Lair:3   | Identified the +6 sling of Pacicuim {flame, rCorr MP+9}
 20372 | Lair:4   | Noticed Snorg
 20377 | Lair:4   | Reached XP level 14. HP: 72/72 MP: 16/35
 20378 | Lair:4   | Killed Snorg
 20632 | Lair:4   | Found a staircase to the Snake Pit.
 20649 | Lair:4   | Found a burning altar of Makhleb.
 21050 | Lair:4   | Found a staircase to the Swamp.
 21527 | Lair:5   | Reached skill level 16 in Spellcasting
 22167 | Lair:6   | Entered Level 6 of the Lair of Beasts
 22172 | Lair:5   | Reached skill level 15 in Dodging
 22249 | Lair:6   | Offered knowledge of Spellforged Servitor by Vehumet.
 22325 | Lair:6   | Reached skill level 17 in Spellcasting
 22518 | Lair:6   | Learned a level 5 spell: Lightning Bolt
 22820 | Lair:6   | Reached XP level 15. HP: 60/76 MP: 32/38
 22886 | Lair:6   | Found a staircase to the Slime Pits.
 22886 | Lair:6   | Found a viscous altar of Jiyva.
 23068 | Lair:6   | Identified the +5 great sword of Haongarr {freeze, Str+3}
 23183 | Lair:6   | Reached skill level 18 in Spellcasting
 23212 | Lair:6   | Reached skill level 10 in Air Magic
 23422 | Lair:6   | Identified the +1 leather armour of the Dice {Will++ Str+2
                  | Dex-3}
 23947 | D:13     | Reached ****** piety under Vehumet
 23947 | D:13     | Offered knowledge of Ozocubu's Refrigeration by Vehumet.
 24004 | D:13     | Found an ornate altar of the Wu Jian Council.
 24681 | D:13     | Noticed Maurice
 24685 | D:13     | Killed Maurice
 25135 | D:13     | Found a gate to the Vaults.
 25824 | D:13     | HP: 3/76 [??? (1)]
 26373 | D:2      | Bought a scroll of teleportation for 42 gold pieces
 26373 | D:2      | Bought a scroll of blinking for 105 gold pieces
 26373 | D:2      | Bought a scroll of blinking for 105 gold pieces
 26373 | D:2      | Bought a scroll of teleportation for 42 gold pieces
 26597 | Elf:1    | Entered Level 1 of the Elven Halls
 26641 | Elf:1    | Paralysed by an air elemental for 1 turns
 27029 | Snake:1  | Entered Level 1 of the Snake Pit
 27058 | Snake:1  | Offered knowledge of Eringya's Noxious Bog by Vehumet.
 27069 | Snake:1  | You are sucked into a shaft and drop 1 floor!
 27225 | Snake:1  | Identified the +0 chain mail of Mumblety Peg {Drain +Inv
                  | rCorr Stlth+}
 27243 | Snake:1  | Noticed Josephine
 27261 | Snake:1  | Killed Josephine
 27262 | Snake:1  | Reached XP level 16. HP: 81/81 MP: 33/40
 27358 | Lair:4   | Gained mutation: You have a pair of small horns on your
                  | head. [potion of mutation]
 27409 | Lair:2   | Lost mutation: You have a pair of small horns on your head.
                  | [potion of mutation]
 27409 | Lair:2   | Gained mutation: You are somewhat resistant to further
                  | mutation. [potion of mutation]
 27429 | Lair:2   | Learned a level 5 spell: Arcjolt
 27592 | D:14     | Reached skill level 10 in Fire Magic
 28178 | D:14     | Found a shimmering blue altar of Sif Muna.
 28295 | D:15     | Entered Level 15 of the Dungeon
 28305 | D:15     | Reached skill level 19 in Spellcasting
 28394 | D:15     | Identified the +6 long sword "Orb Guardian's Curse"
                  | {vorpal, rElec rPois Int+4}
 28778 | D:15     | Found a runed translucent gate.
 28778 | D:15     | Found a runed translucent gate.
 28779 | D:15     | Found a runed translucent gate.
 28781 | D:15     | Noticed Ganul's ghost (journeyman DsGl)
 28870 | D:15     | Found a staircase to the Depths.
 29552 | Snake:1  | Noticed Nikola
 29557 | Snake:1  | Killed Nikola
 29923 | Snake:2  | Offered knowledge of Maxwell's Capacitive Coupling by
                  | Vehumet.
 30433 | Snake:2  | Found Ocae's Armour Emporium.
 30581 | Snake:2  | Found Iguagajy's Antique Armour Shoppe.
 30836 | Snake:3  | Noticed Agnes
 30840 | Snake:3  | Killed Agnes
 30845 | Snake:3  | Reached skill level 10 in Poison Magic
 30849 | Snake:3  | Reached skill level 20 in Spellcasting
 31279 | Snake:3  | Noticed Bai Suzhen
 31296 | Snake:3  | Killed Bai Suzhen
 31296 | Snake:3  | Noticed Mlioglotl
 31311 | Snake:3  | Killed Mlioglotl
 31312 | Snake:3  | Reached XP level 17. HP: 79/85 MP: 24/43
 31342 | Snake:3  | Identified a scroll of acquirement
 31343 | Snake:3  | Acquired the +1 executioner's axe "Reyw" {venom, rPois rF+
                  | rC+ rN+}
 32112 | Snake:3  | Upgraded the game from 0.30-a0-465-g8901f6c8b5 to
                  | 0.30-a0-469-g84de5afbc5
 32113 | Snake:4  | Entered Level 4 of the Snake Pit
 32300 | Snake:4  | Reached skill level 21 in Spellcasting
 32557 | Snake:4  | Found Recvunt's Antique Weapon Shop.
 32557 | Snake:4  | Found Ujuoz's Weapon Shop.
 32579 | Snake:4  | Found Tomidemy's Assorted Antiques.
 32595 | Snake:4  | Bought a translucent lead ring for 155 gold pieces
 32595 | Snake:4  | Identified the ring "Toemeper" {rN+ Int+5 Dex+6 Slay+3}
                  | (You bought it in a shop on level 4 of the Snake Pit)
 32613 | Snake:4  | Found Boleday's Distillery.
 32657 | Snake:4  | Found Wemid's General Store.
 32879 | Snake:4  | Learned a level 6 spell: Conjure Ball Lightning
 32886 | Snake:4  | Learned a level 5 spell: Alistair's Intoxication
 33518 | Snake:4  | Identified the amulet "Quhepet" {Faith *Slow Will+ Stlth+}
 34171 | Snake:4  | Learned a level 7 spell: Orb of Destruction
 34375 | Snake:4  | Offered knowledge of Shatter by Vehumet.
 34375 | Snake:4  | Offered knowledge of Chain Lightning by Vehumet.
 34375 | Snake:4  | Offered knowledge of Ignition by Vehumet.
 34700 | Snake:4  | Reached skill level 15 in Conjurations
 34721 | Snake:4  | Got a serpentine rune of Zot
 35020 | Snake:2  | Bought a heavily runed leather armour for 161 gold pieces
 35020 | Snake:2  | Identified the +3 leather armour of the Sandy God {Will+++
                  | Dex-3 Slay+5} (You bought it in a shop on level 2 of the
                  | Snake Pit)
 35047 | Snake:4  | Bought a potion of experience for 800 gold pieces
 35047 | Snake:4  | Reached skill level 5 in Transmutations
 35047 | Snake:4  | Reached XP level 18. HP: 90/90 MP: 45/45
 35595 | Swamp:1  | Entered Level 1 of the Swamp
 35606 | Swamp:1  | Reached skill level 22 in Spellcasting
 35687 | Swamp:1  | Noticed a tentacled monstrosity
 35700 | Swamp:1  | Killed a tentacled monstrosity
 35901 | Swamp:1  | Noticed Aizul
 35908 | Swamp:1  | Killed Aizul
 36011 | Swamp:1  | Reached XP level 19. HP: 78/94 MP: 41/47
 37255 | Swamp:3  | Reached skill level 15 in Fire Magic
 37455 | Swamp:3  | Identified the +5 long sword "Urghador" {freeze, +Blink
                  | Will+}
 38089 | Swamp:4  | Entered Level 4 of the Swamp
 38283 | Swamp:4  | Noticed Mara
 38315 | Swamp:4  | Killed Mara
 38582 | Swamp:4  | Identified the +1 robe of Insurance {-Cast rElec rC+}
 39293 | Swamp:4  | Got a decaying rune of Zot
 40520 | Elf:1    | Found Omantin's Weapon Shop.
 40575 | Elf:1    | Reached XP level 20. HP: 100/100 MP: 43/48
 40578 | Elf:1    | Reached skill level 23 in Spellcasting
 41198 | Elf:2    | Found a shimmering blue altar of Sif Muna.
 41391 | Elf:2    | Found the +15 Maxwell's patent armour {-Cast -Tele rElec
                  | Will+ rCorr}
 41514 | Elf:2    | Identified the +0 robe of the Peculiar Demons {rF+ Dex+3
                  | Slay-3}
 41818 | Elf:2    | Found a runed translucent gate.
 41819 | Elf:2    | Found a runed translucent gate.
 41819 | Elf:2    | Found a runed translucent gate.
 42405 | Elf:3    | Entered Level 3 of the Elven Halls
 43106 | Elf:3    | Learned a level 8 spell: Ignition
 43173 | Elf:3    | Learned a level 2 spell: Sublimation of Blood
 43604 | Elf:3    | Identified the +1 troll leather armour of Tenacity {Will++
                  | Regen+ Stlth+}
 43625 | Elf:3    | Reached XP level 21. HP: 49/104 MP: 25/50
 43838 | Elf:3    | Identified the +11 whip "Riexuo" {antimagic, *Rage Int+6}
 43838 | Elf:3    | Identified the amulet "Xopeibb" {RegenMP Regen+}
 43958 | Elf:3    | Identified the +7 long sword of the Vine {vamp, rC+}
 44103 | Elf:3    | Identified the +1 sling of Karma {freeze, *Slow rElec rF+
                  | Str+3}
 44122 | Elf:3    | Identified the +3 quarterstaff of Qaitasev {vorpal, Int+2}
 44125 | Elf:3    | Identified the +6 scale mail of Indomitability {Stlth+}
 44467 | Depths:1 | Entered Level 1 of the Depths
 44480 | Depths:1 | Found the +3 pair of gauntlets of War {Slay+5}
 44547 | Depths:1 | Found a hazy altar of Hepliaklqana.
 44870 | Depths:1 | Noticed a juggernaut
 44884 | Depths:1 | Killed a juggernaut
 44885 | Depths:1 | Reached skill level 24 in Spellcasting
 45050 | Depths:1 | Noticed a juggernaut
 45070 | Depths:1 | Killed a juggernaut
 45221 | Depths:1 | Noticed a juggernaut
 45229 | Depths:1 | Noticed a juggernaut
 45232 | Depths:1 | Killed a juggernaut
 45236 | Depths:1 | Slain by a frost giant

Illustrated notes

Levels and vault maps discovered:
D:1:      dpeg_arrival_court, layout_rooms
D:2:      layout_basic, serial_shops, nicolae_lakefront_shop
D:3:      layout_basic, mainiacjoe_overflow_catwalk_spiral, minmay_liquid_box,
          minivault_14, nrook_mini_backslash, grunt_decor_clamped,
          grunt_decor_cap, minmay_fractal_squares_5, uniq_crazy_yiuf_cottage
D:4:      layout_cave_pools, minmay_temple_entry_overgrown, dk_vineyard_1,
          minmay_fractal_squares_diagonal_5
D:5:      layout_basic, uniq_blork_the_orc
D:6:      layout_basic
D:7:      layout_rooms
D:8:      layout_basic, uniq_amaemon
D:9:      nzn_winding_woodlands_cross [nzn_winding_woodlands_5x15_eye,
          nzn_winding_woodlands_5x15_split_checker,
          nzn_winding_woodlands_5x15_parted, nzn_winding_woodlands_5x15_pool,
          nzn_winding_woodlands_15x15_boxy_spiral], layout_cave_pools,
          lemuel_round_altar, ebering_ghost_funeral_grove, serial_column_ruins,
          column_ruins_square_medium, column_ruins_corridor_dead_end,
          column_ruins_corridor_corner, column_ruins_grid_1
D:10:     nicolae_cairo_tiling, layout_irregular_city, hangedman_minor_magic
D:11:     layout_loops_cross, minmay_orc_entry_guard_dogs, serial_demonic,
          serial_demonic_b, serial_demonic_a, serial_demonic_d,
          serial_demonic_e, zin_academy
D:12:     layout_irregular_city, uniq_kirke, uniq_frances
D:13:     cheibrodos_tormentor_scu, layout_long_grid, grunt_vaults_entry_tiered,
          nicolae_wu_jian_glorious_leap, uniq_maurice
D:14:     layout_cave_pods, lemuel_blue_sif_altar
D:15:     grunt_enter_depths_magical_seal, layout_loops_ring,
          gammafunk_ghost_spectres
Temple:   mainiacjoe_temple_bowtie_tessellation
Lair:1:   layout_loops_ring, serial_bayou_shore_b, infiniplex_staircase_pool_2
Lair:2:   layout_cave_pods
Lair:3:   hellmonk_destroyed_diamonds, layout_loops_ring,
          kennysheep_abandoned_house, serial_bayou_shore_b
Lair:4:   layout_hall_layers, minmay_swamp_entry_worms,
          minmay_snake_entry_guardpost_small, lemuel_oklob_altar,
          grunt_megastairs_2, uniq_snorg
Lair:5:   pond_and_an_island_with_a_cottage, layout_cave_pods
Lair:6:   due_jungle_book, layout_loops_ring, minmay_slime_entry_jelly_boxes,
          grunt_megastairs_3, lemuel_fruit_fields
Swamp:1:  layout_falls_marsh, evilmike_swamp_ruin_house_2, swamp_pool1,
          infiniplex_staircase_pool, uniq_aizul
Swamp:2:  layout_basic_swamp, wheals_swamp_sinkhole, swamp_pool1
Swamp:3:  nicolae_swamp_ascending_descending, layout_basic_swamp,
          serial_swamp_ruin, evilmike_swamp_ruin_house_4,
          hangedman_swamp_ruin_wall, swamp_pool4
Swamp:4:  swamp_basic_johnstein, layout_basic_swamp, swamp_pool2,
          hangedman_swamp_blocks, uniq_mara
Snake:1:  layout_rooms, uniq_nikola, uniq_josephine
Snake:2:  layout_gridlike, serial_shops, shop_fountains, nicolae_take_the_stairs
Snake:3:  layout_cave_pods, lemuel_fruit_tree, uniq_mlioglotl, uniq_agnes,
          uniq_bai_suzhen
Snake:4:  snake_pit_salamanders_mu, layout_onion_interference, serial_shops,
          shop, nicolae_shop_stone, shop, shop, shop
Orc:1:    cheibrodos_orc_bank, layout_diamond_mine, serial_shops,
          nicolae_diamond_shop, shop, shop_fountains, shop_statue
Orc:2:    pubby_orc_utopia, serial_shops
Elf:1:    minmay_shoctagon, layout_onion_city, serial_shops,
          nicolae_shop_competitors_out_of_business,
          hangedman_elven_crosses_minicolossus
Elf:2:    nicolae_elf_blades_crystal_corner, layout_loops_ring, basic_altar
Elf:3:    elf_hall, layout_loops_cross, portal_ice_cave_entry_ugly_swarm
Depths:1: minmay_octagon_city, layout_honeycomb, nzn_hepliaklqana_mist_gate,
          hell_entry, minmay_hollow_rounded_squares

Skill      XL: |  1  2  3  4  5  6  7  8  9 10 11 12 13 14 15 16 17 18 19 20 21 |
---------------+----------------------------------------------------------------+-----
Fighting       | 1 2 |  2.3
Dodging        | 3 4 5 6 8 9 11 12 13 16 17 18 19 | 19.3
Spellcasting   | 4 5 7 9 10 12 13 15 17 18 20 21 22 23 24 | 24.0
Conjurations   | 5 6 7 8 9 11 12 13 14 15 16 | 16.1
Hexes          | 1 2 3 |  3.0
Translocations | 1 2 5 6 |  6.0
Poison Magic   | 1 3 4 5 8 11 13 | 13.0
Fire Magic     | 2 6 8 9 12 13 16 18 19 | 19.4
Air Magic      | 4 8 12 14 | 14.9
Transmutations | 5 |  5.1
Stealth        | |  2.4

Action                   |  1- 3 |  4- 6 |  7- 9 | 10-12 | 13-15 | 16-18 | 19-21 || total
-------------------------+-------+-------+-------+-------+-------+-------+-------++-------
Melee: Unarmed           |     7 |       |       |       |       |       |       ||     7
       Short sword       |     3 |       |       |       |       |       |       ||     3
       Quarterstaff      |       |     1 |       |       |       |       |       ||     1
       Staff             |       |       |       |    10 |     4 |     1 |       ||    15
 Cast: Magic Dart        |    60 |    67 |    52 |    26 |    72 |    92 |    26 ||   395
       Searing Ray       |     2 |     9 |    46 |    21 |     1 |       |       ||    79
       Poisonous Vapours |       |    17 |    57 |    70 |   123 |    70 |   201 ||   538
       Slow              |       |       |    21 |     7 |     1 |       |       ||    29
       Iskenderun's Myst |       |       |     9 |    33 |    27 |    31 |    79 ||   179
       Iskenderun's Batt |       |       |     1 |    14 |    21 |    65 |    47 ||   148
       Kindle Blastspark |       |       |       |    20 |     5 |     6 |       ||    31
       Fireball          |       |       |       |    12 |    48 |    39 |   128 ||   227
       Stone Arrow       |       |       |       |    98 |   153 |   154 |    92 ||   497
       Flame Wave        |       |       |       |     4 |     3 |       |       ||     7
       Ignite Poison     |       |       |       |    38 |   168 |    57 |   210 ||   473
       Olgreb's Toxic Ra |       |       |       |    13 |    45 |     5 |    20 ||    83
       Freezing Cloud    |       |       |       |       |    37 |    64 |    12 ||   113
       Lightning Bolt    |       |       |       |       |     7 |    35 |    31 ||    73
       Arcjolt           |       |       |       |       |       |     5 |     2 ||     7
       Orb of Destructio |       |       |       |       |       |    20 |    68 ||    88
       Conjure Ball Ligh |       |       |       |       |       |     3 |       ||     3
       Alistair's Intoxi |       |       |       |       |       |     2 |     4 ||     6
       Sublimation of Bl |       |       |       |       |       |       |     4 ||     4
       Ignition          |       |       |       |       |       |       |     1 ||     1
Evoke: Wand              |       |       |     1 |     1 |       |       |     2 ||     4
  Use: Scroll            |     2 |    15 |    10 |     3 |     6 |     8 |     4 ||    48
       Potion            |     1 |     1 |     3 |     3 |     1 |     5 |     1 ||    15
Armor: Robe              |     2 |       |     5 |    10 |     3 |       |       ||    20
       Steam dragon scal |       |       |       |     7 |       |       |       ||     7
       Leather armour    |       |       |       |       |     4 |    25 |     5 ||    34
       Troll leather arm |       |       |       |       |       |       |     7 ||     7
Dodge: Dodged            |    16 |     9 |    40 |    92 |    66 |    63 |    49 ||   335

Table legend: (Time is in decaauts)
 A = Elapsed time spent in this place.
 B = Non-inter-level travel time spent in this place.
 C = Inter-level travel time spent in this place.
 D = Time resting spent in this place.
 E = Time spent auto-exploring this place.
 F = Levels seen in this place.
 G = Mean time per level.
                   A        B        C        D        E       F      G
               +--------+--------+--------+--------+--------+-----+--------+
         Total |  45308 |  41504 |   3804 |   7522 |  16668 |  36 | 1258.6 |
       Dungeon |  19113 |  17552 |   1561 |   3271 |   7663 |  15 | 1274.2 |
        Temple |    235 |    199 |     36 |      0 |    186 |   1 |  235.0 |
          Lair |   7111 |   6460 |    651 |    892 |   3852 |   6 | 1185.2 |
         Swamp |   3995 |   3850 |    145 |    677 |    671 |   4 |  998.8 |
     Snake Pit |   6407 |   5872 |    535 |   1439 |   1439 |   4 | 1601.8 |
  Orcish Mines |   3085 |   2534 |    551 |    399 |   1232 |   2 | 1542.5 |
   Elven Halls |   4590 |   4316 |    274 |    677 |   1600 |   3 | 1530.0 |
        Depths |    768 |    721 |     47 |    167 |     24 |   1 |  768.0 |
               +--------+--------+--------+--------+--------+-----+--------+

Top non-repeatable levels by time:
 Snake:4: 2781 daAuts
   Orc:2: 2352 daAuts
   Elf:3: 1825 daAuts
    D:13: 1825 daAuts
 Snake:3: 1681 daAuts
     D:8: 1558 daAuts
  Lair:4: 1555 daAuts
  Lair:6: 1510 daAuts
     D:1: 1467 daAuts
 Swamp:4: 1466 daAuts
     D:9: 1460 daAuts
   Elf:1: 1410 daAuts
     D:2: 1400 daAuts
    D:12: 1360 daAuts
   Elf:2: 1354 daAuts
